 Dungeon Crawl Stone Soup version 0.21.1-1-g345015f (webtiles) character file.

49 kae the Insei (level 3, -3/26 HPs)
             Began as a Demonspawn Transmuter on May 21, 2018.
             Slain by a worker ant (7 damage)
             ... on level 2 of the Dungeon.
             The game lasted 00:00:56 (1299 turns).

kae the Insei (Demonspawn Transmuter)               Turns: 1299, Time: 00:00:57

Health: -3/26      AC:  3    Str: 10    XL:     3   Next: 51%
Magic:  5/6        EV: 12    Int: 14    God:
Gold:   99         SH:  0    Dex: 14    Spells: 5/6 levels left

rFire    . . .     SeeInvis .   k - +1 whip (elec)
rCold    . . .     Gourm    .   (no shield)
rNeg     . . .     Faith    .   b - +1 robe
rPois    .         Spirit   .   (no helmet)
rElec    .         Reflect  .   (no cloak)
rCorr    .         Harm     .   (no gloves)
MR       .....                  (no boots)
Stlth    ++........             (no amulet)
HPRegen  0.08/turn              (no ring)
MPRegen  0.10/turn              (no ring)

@: lethally poisoned (-3 -> -12), appendage
A: horns 2, nightstalker 1
a: End Transformation


You were on level 2 of the Dungeon.
You were hungry.
You had grown temporary horns.
You visited 1 branch of the dungeon, and saw 2 of its levels.

You collected 99 gold pieces.

Inventory:

Hand Weapons
 k - a +1 whip of electrocution (weapon)
Missiles
 a - 12 arrows
Armour
 b - a +1 robe (worn)
Scrolls
 i - a scroll of enchant weapon {unknown}
 j - a scroll of identify
Potions
 e - a potion of might
 f - a potion of degeneration {unknown}
 g - 2 potions of lignification {unknown}
 h - a potion of brilliance {unknown}
Books
 c - a book of Changes

   Spells                             Type                      Level
   a - Beastly Appendage              Transmutation                1
   b - Sticks to Snakes               Transmutation                2
   c - Spider Form                    Transmutation/Poison         3
   d - Ice Form                       Ice/Transmutation            4
   e - Blade Hands                    Transmutation                5
Comestibles
 d - 4 rations


   Skills:
 + Level 1.5 Fighting
 - Level 1.7 Dodging
 * Level 3.2 Unarmed Combat
 + Level 2.3 Spellcasting
 * Level 2.5 Transmutations


You had 5 spell levels left.
You knew the following spells:

 Your Spells              Type           Power        Failure   Level  Hunger
a - Beastly Appendage     Tmut           #.....       9%          1    #......


Dungeon Overview and Level Annotations

Branches:
Dungeon (2/15)

Altars:


Innate Abilities, Weirdness & Mutations

You are slightly more attuned to the shadows.
You have a pair of horns on your head.


Message History

The worker ant bites you but does no damage.
Casting: Beastly Appendage
Confirm with . or Enter, or press ? or * to list all spells.
You grow a pair of large bovine horns.
You feel sick. The worker ant bites you.
* * * LOW HITPOINT WARNING * * *
You are lethally poisoned!
The worker ant poisons you!
* * * LOW HITPOINT WARNING * * *
You feel sick. The worker ant closely misses you.
You hit the worker ant.
The worker ant is heavily wounded.
* * * LOW HITPOINT WARNING * * *
You feel sick. The worker ant barely misses you.
You hit the worker ant.
The worker ant is severely wounded.
* * * LOW HITPOINT WARNING * * *
You feel sick.
The worker ant bites you but does no damage.
The worker ant bites you!
You die...

#####.#.............
#.##...†........
#........†....#.
#.##.##...#####.
#.##.####.#####.
#.##.#.......##.
#.##.#.......##.
...#####.##.#.......##.
.....a@.!##............
...##########..........
#.........# #.......#.#
#########.# #.# #.# .#


You could see a worker ant.

Vanquished Creatures
  3 leopard geckos (D:1)
  A giant cockroach (D:1)
  6 goblins (D:1)
  5 hobgoblins
  8 jackals
  A kobold (D:1)
  2 ball pythons
  7 bats
  A frilled lizard (D:1)
  5 rats
39 creatures vanquished.

Notes
Turn   | Place    | Note
-------+----------+-------------------------------------------
     0 | D:1      | kae the Demonspawn Transmuter began the quest for the Orb.
     0 | D:1      | Reached XP level 1. HP: 15/15 MP: 3/3
   304 | D:1      | Gained mutation: You are slightly more attuned to the shadows. [demonic ancestry]
   304 | D:1      | Reached XP level 2. HP: 18/21 MP: 5/5
   357 | D:1      | Reached skill level 3 in Unarmed Combat
   700 | D:1      | Reached XP level 3. HP: 23/26 MP: 6/6
  1299 | D:2      | Slain by a worker ant

Skill      XL: |  1  2 |
---------------+-------+-----
Transmutations | 2 |  2.5
Unarmed Combat | 3 |  3.2
Fighting       | |  1.5
Dodging        | |  1.7
Spellcasting   | |  2.3

Action                   || total
-------------------------++-------
Melee: Unarmed           ||   140
       Headbutt          ||     3
       Kick              ||     2
       Whip              ||    11
 Cast: Beastly Appendage ||    10
  Use: Scroll            ||     3
 Stab: Sleeping          ||     5
  Eat: Chunk             ||     1
Armor: Robe              ||    52
Dodge: Dodged            ||   117
